 Dungeon Crawl Stone Soup version 0.21.1-1-g345015f (webtiles) character file.

263 kae the Insei (level 5, -1/42 HPs)
             Began as a Draconian Transmuter on May 4, 2018.
             Slain by Grinder (2 damage)
             ... while paralysed by Grinder
             ... on level 3 of the Dungeon.
             The game lasted 00:03:05 (3652 turns).

kae the Insei (Draconian Transmuter)                Turns: 3652, Time: 00:03:06

Health: -1/42      AC:  2    Str: 12    XL:     5   Next: 97%
Magic:  7/9        EV:  5    Int: 14    God:
Gold:   160        SH:  0    Dex: 17    Spells: 4/10 levels left

rFire    . . .     SeeInvis .     - Unarmed
rCold    . . .     Gourm    .   (shield currently unavailable)
rNeg     . . .     Faith    .   (armour unavailable)
rPois    x         Spirit   .   (helmet currently unavailable)
rElec    .         Reflect  .   (cloak currently unavailable)
rCorr    .         Harm     .   (gloves currently unavailable)
MR       .....                  (boots currently unavailable)
Stlth    +++.......             (no amulet)
HPRegen  0.14/turn              i - ring of stealth
MPRegen  0.11/turn              (no ring)

@: paralysed, spider-form (expiring)
A: tiny, unfitting armour, AC +5
a: End Transformation


You were on level 3 of the Dungeon.
You were not hungry.
You were a venomous arachnid creature.
You visited 1 branch of the dungeon, and saw 3 of its levels.

You collected 160 gold pieces.

Inventory:

Missiles
 a - 28 arrows
Armour
 m - a +0 pair of boots (melded)
Jewellery
 i - a ring of stealth (left front leg)
Wands
 k - a wand of random effects (23)
Scrolls
 d - 2 scrolls of blinking
 f - a scroll of identify
 g - a scroll of remove curse
Potions
 e - 2 potions of ambrosia
 h - a potion of resistance
 l - a potion of berserk rage {unknown}
Books
 b - a book of Changes

   Spells                             Type                      Level
   a - Beastly Appendage              Transmutation                1
   b - Sticks to Snakes               Transmutation                2
   c - Spider Form                    Transmutation/Poison         3
   d - Ice Form                       Ice/Transmutation            4
   e - Blade Hands                    Transmutation                5
 j - a book of Maledictions

   Spells                             Type                      Level
   a - Corona                         Hexes                        1
   b - Ensorcelled Hibernation        Hexes/Ice                    2
   c - Confuse                        Hexes                        3
   d - Tukima's Dance                 Hexes                        3
   e - Dazzling Spray                 Conjuration/Hexes            3
Comestibles
 c - 8 rations


   Skills:
 + Level 2.7 Fighting
 - Level 1.7 Dodging
 * Level 4.5 Unarmed Combat
 + Level 3.0 Spellcasting
 * Level 3.9 Transmutations


You had 4 spell levels left.
You knew the following spells:

 Your Spells              Type           Power        Failure   Level  Hunger
a - Beastly Appendage     Tmut           ##....       13%         1    #......
b - Sticks to Snakes      Tmut           ##......     17%         2    ##.....
c - Spider Form           Tmut/Pois      #.........   50%         3    ###....


Dungeon Overview and Level Annotations

Branches:
Dungeon (3/15)

Altars:

Annotations:
D:3 Grinder


Innate Abilities, Weirdness & Mutations

((Your plain brown scales are hard. (AC +5)))
You cannot fit into any form of body armour.
((You are cold-blooded and may be slowed by cold attacks.))


Message History

Pain shoots through your body! Grinder gestures at you.
Pain shoots through your body!
Your transformation is almost over.
Grinder barely misses you.
You hit Grinder but do no damage. Grinder gestures at you.
You suddenly lose the ability to move!
Grinder gestures at you. You resist with significant effort. Grinder hits you!
You writhe in agony.
Grinder hits you!
* * * LOW HITPOINT WARNING * * *
You writhe in agony.
* * * LOW HITPOINT WARNING * * *
Grinder barely misses you. Grinder hits you.
* * * LOW HITPOINT WARNING * * *
You writhe in agony.
You die...

#...%?.....##.#.##.###.#######
#.....5<...#..#.#.............
#......$...#.##.#..###.#######
#.........5#.##......#.##.....
########+#.#.######........<..
#.#.........#.##.###.
#.#..#####.##.#..#.#> #.#..#
#)........#. .#####.#.s#
#########.#. ..........5##
#.......#. #######.#...#
#.#######) #.#...# #.# #.
#.#...## #.# #.
####.#....#####.#######.
....(..................>
####.#..#..##.#...(.....
#.#..##.##.#......()<


You could see Grinder.

Vanquished Creatures
  A jelly (D:2)
  An iguana (D:2)
  Jessica (D:2)
  Natasha (thrice) (D:2)
  3 adders
  An ooze (D:2)
  3 worms
  2 dart slugs
  A ball python (D:1)
  8 bats
  2 giant cockroaches
  7 goblins
  5 hobgoblins
  7 jackals
  3 frilled lizards
  13 kobolds
  5 rats
66 creatures vanquished.

Notes
Turn   | Place    | Note
-------+----------+-------------------------------------------
     0 | D:1      | kae the Draconian Transmuter began the quest for the Orb.
     0 | D:1      | Reached XP level 1. HP: 16/16 MP: 3/3
   259 | D:1      | Reached XP level 2. HP: 23/23 MP: 5/5
   895 | D:2      | Reached XP level 3. HP: 29/29 MP: 6/6
  1004 | D:2      | Reached XP level 4. HP: 26/36 MP: 7/7
  1631 | D:2      | Reached skill level 4 in Unarmed Combat
  1926 | D:2      | Noticed Natasha
  2280 | D:2      | Killed Natasha
  2280 | D:2      | Reached XP level 5. HP: 22/42 MP: 7/9
  2309 | D:2      | Noticed Natasha
  2460 | D:2      | Killed Natasha
  2465 | D:2      | Noticed Natasha
  2660 | D:2      | Killed Natasha
  2703 | D:2      | Noticed Jessica
  2708 | D:2      | Killed Jessica
  3248 | D:3      | Noticed Grinder
  3260 | D:3      | Paralysed by Grinder for 4 turns
  3622 | D:2      | Learned a level 2 spell: Sticks to Snakes
  3626 | D:2      | Learned a level 3 spell: Spider Form
  3647 | D:3      | Paralysed by Grinder for 7 turns
  3652 | D:3      | HP: 1/42 [Grinder (3)]
  3652 | D:3      | Slain by Grinder

Skill      XL: |  1  2  3  4  5 |
---------------+----------------+-----
Fighting       | 2 |  2.7
Transmutations | 3 |  3.9
Unarmed Combat | 4 |  4.5
Spellcasting   | 3 |  3.0
Dodging        | |  1.7

Action                   |  1- 3 |  4- 6 || total
-------------------------+-------+-------++-------
Melee: Unarmed           |   107 |   170 ||   277
       Tailslap          |     9 |    14 ||    23
       Headbutt          |     1 |    15 ||    16
       Punch             |     1 |     1 ||     2
       Kick              |       |     8 ||     8
 Cast: Beastly Appendage |     5 |    17 ||    22
       Spider Form       |       |     1 ||     1
  Use: Scroll            |     4 |     4 ||     8
 Stab: Sleeping          |     2 |       ||     2
  Eat: Chunk             |       |     7 ||     7
       Ration            |       |     1 ||     1
Armor: Skin              |    40 |    36 ||    76
Dodge: Dodged            |    75 |    93 ||   168
